 Dungeon Sprint DCSS version 0.26.1-11-gd32895ea62 (webtiles) character file.

Game seed: 17725689551452533990

1510 Zeld the Cleaver (level 8, -4/123 HPs)
             Began as a Minotaur Berserker on June 14, 2021.
             Was an Elder of Trog.
             Slain by a demonic crawler (11 damage)
             ... in the Dungeon (Sprint I: "Red Sonja").
             The game lasted 00:01:14 (1573 turns).

Zeld the Cleaver (Minotaur Berserker)               Turns: 1573, Time: 00:01:15

Health: -4/123     AC:  2    Str: 24    XL:     8   Next: 53%
Magic:  7/7        EV: 16    Int:  4    God:    Trog [****..]
Gold:   270        SH:  0    Dex: 10    Spells: 7/7 levels left

rFire    . . .     SeeInvis .   a - +0 hand axe
rCold    . . .     Faith    .   (no shield)
rNeg     . . .     Spirit   .   b - +0 animal skin
rPois    .         Reflect  .   (helmet restricted)
rElec    .         Harm     .   (no cloak)
rCorr    .         Rampage  .   (no gloves)
Will     .....     NoTele   +   (no boots)
Stlth    ..........             (no amulet)
HPRegen  0.30/turn              (no ring)
MPRegen  0.10/turn              (no ring)

@: berserking (expiring), very quick
A: retaliatory headbutt, horns 2
a: Renounce Religion, Berserk, Trog's Hand, Brothers in Arms


You were in the Dungeon.
You worshipped Trog.
Trog was greatly pleased with you.
You visited 1 branch You collected 270 gold pieces.

Inventory:

Hand Weapons
 a - a +0 hand axe (weapon)
Armour
 b - a +0 animal skin (worn)
Potions
 e - a potion of haste
 f - 2 potions of magic
 g - a potion of berserk rage


   Skills:
 + Level 11.0 Fighting
 - Level 14.0 Axes
 + Level 10.5 Armour
 + Level 10.0 Dodging


You had 7 spell levels left.
You didn't know any spells.
Your spell library was empty.

Dungeon Overview and Level Annotations

Branches:
Dungeon (1/1)

Altars:
Makhleb
Xom
Jiyva
Lugonu


Innate Abilities, Weirdness & Mutations

You reflexively headbutt those who attack you in melee.
You have a pair of horns on your head.


Message History

You slash the demonic crawler!
You kill the demonic crawler!
Trog accepts your kill.
You can now call in reinforcements.
You hit the demonic crawler. The demonic crawler misses you.
You furiously retaliate!
You headbutt the demonic crawler!
The demonic crawler closely misses you. x2
Training target 14.0 for Axes reached!
Your Fighting skill increases to level 11!
Your Axes skill increases to level 14!
Your Dodging skill increases to level 10!
You hit the demonic crawler but do no damage. x2
The demonic crawler completely misses you.
The demonic crawler hits you.
* * * LOW HITPOINT WARNING * * *
The demonic crawler completely misses you.
You hit the demonic crawler but do no damage.
Your headbutt misses the demonic crawler.
You closely miss the demonic crawler. The demonic crawler misses you.
The demonic crawler hits you!
You die...

##################
.#).'..#__#..'...#
.').#..'^.'..#..s##+#
'#####+#__####..@s..#
.# #### #####..+ ##
##


You could see 2 demonic crawlers.

Vanquished Creatures
  2 demonic crawlers (D)
  2 kobold demonologists (D)
  A slime creature (D)
  Sigmund (D)
  A floating eye (D)
  An ogre (D)
  Ijyb (D)
9 creatures vanquished.

Vanquished Creatures (others)
  A gargoyle (D)
1 creature vanquished.

Grand Total: 10 creatures vanquished

Notes
Turn   | Place    | Note
-------+----------+-------------------------------------------
     0 | D        | Zeld the Minotaur Berserker began the quest for the Orb.
     0 | D        | Reached XP level 1. HP: 19/19 MP: 0/0
     2 | D        | Noticed Ijyb
     7 | D        | Killed Ijyb
     8 | D        | Reached skill level 5 in Axes
     8 | D        | Reached XP level 2. HP: 28/28 MP: 1/1
   226 | D        | Noticed an ogre
   230 | D        | Killed an ogre
   231 | D        | Reached skill level 7 in Axes
   231 | D        | Reached skill level 5 in Armour
   231 | D        | Reached XP level 3. HP: 37/37 MP: 2/2
   231 | D        | Reached XP level 4. HP: 44/44 MP: 3/3
   528 | D        | Noticed Sigmund
   533 | D        | Killed Sigmund
   533 | D        | Reached ** piety under Trog
   534 | D        | Reached skill level 9 in Axes
   534 | D        | Reached XP level 5. HP: 52/52 MP: 4/4
   662 | D        | Found a burning altar of Makhleb.
   662 | D        | Found a viscous altar of Jiyva.
   662 | D        | Found a shimmering altar of Xom.
   662 | D        | Found a corrupted altar of Lugonu.
   662 | D        | Noticed a slime creature
   670 | D        | Killed a slime creature
   671 | D        | Reached skill level 11 in Axes
   671 | D        | Reached XP level 6. HP: 45/62 MP: 5/5
   786 | D        | Killed a gargoyle
  1020 | D        | Noticed a kobold demonologist
  1020 | D        | Noticed a floating eye
  1020 | D        | Noticed a kobold demonologist
  1023 | D        | Killed a floating eye
  1024 | D        | Reached XP level 7. HP: 67/69 MP: 6/6
  1024 | D        | Noticed a sun demon
  1026 | D        | Noticed a red devil
  1044 | D        | Noticed a chaos spawn
  1044 | D        | Noticed a ynoxinul
  1045 | D        | Killed a kobold demonologist
  1045 | D        | Reached *** piety under Trog
  1046 | D        | Reached skill level 12 in Axes
  1050 | D        | Noticed a ynoxinul
  1052 | D        | HP: 4/105 [chaos spawn[a kobold demonologist] (11)]
  1053 | D        | Killed a kobold demonologist
  1054 | D        | Reached skill level 10 in Fighting
  1054 | D        | Reached skill level 13 in Axes
  1054 | D        | Reached XP level 8. HP: 5/79 MP: 7/7
  1056 | D        | HP: 1/79 [poisoned by a chaos spawn]
  1556 | D        | Noticed a demonic crawler
  1556 | D        | Noticed a demonic crawler
  1556 | D        | Noticed a demonic crawler
  1556 | D        | Noticed a demonic crawler
  1563 | D        | Killed a demonic crawler
  1564 | D        | Reached skill level 10 in Armour
  1571 | D        | Killed a demonic crawler
  1571 | D        | Reached **** piety under Trog
  1572 | D        | Reached skill level 14 in Axes
  1572 | D        | Reached skill level 10 in Dodging
  1573 | D        | Slain by a demonic crawler

Illustrated notes

Levels and vault maps discovered:
D:        dungeon_sprint_1 [red_sonja_temple_1, red_sonja_temple_small_1]

Skill      XL: |  1  2  3  4  5  6  7  8 |
---------------+-------------------------+-----
Fighting       | 4 6 7 8 10 11 | 11.0
Axes           | 5 7 9 11 13 14 | 14.0
Armour         | 3 5 6 8 9 10 | 10.5
Dodging        | 3 4 6 7 8 10 | 10.0

Action                   |  1- 3 |  4- 6 |  7- 9 || total
-------------------------+-------+-------+-------++-------
Melee: Hand axe          |     7 |    11 |    31 ||    49
       Headbutt          |     1 |     4 |     5 ||    10
Invok: Berserk           |     2 |     2 |     2 ||     6
  Use: Potion            |       |       |     2 ||     2
       Scroll            |       |       |     1 ||     1
Armor: Animal skin       |       |       |     3 ||     3
Dodge: Dodged            |     1 |     4 |    22 ||    27
